[Event "DVM U10 2024"]
[Site "Duesseldorf"]
[Date "2024.12.29"]
[Round "7"]
[White "Jiang, Alexander D"]
[Black "Fredrich, Tarje"]
[Result "1/2-1/2"]
[ECO "C54"]
[WhiteElo "1958"]
[BlackElo "1056"]
[Annotator "NA RC"]
[PlyCount "116"]
[EventDate "2024.12.23"]
[EventType "team-tourn"]
[EventRounds "7"]
[EventCountry "GER"]
[SourceTitle "playchess.com"]
[Source "ChessBase"]
[SourceQuality "1"]
[TimeControl "3300+5"]

1. e4 e5 2. Nf3 Nc6 3. Bc4 Bc5 4. c3 Nf6 5. d4 exd4 6. cxd4 Bb4+ 7. Nc3 Nxe4 8. O-O O-O 9. Nxe4 d5 10. Qd3 Bf5 11. Bg5 Qd7 12. Ne5 Nxe5 13. dxe5 Bxe4 14. Qe3 Qg4 15. f3 Bxf3 16. Rxf3 Qxc4 17. b3 Qc6 18. Rc1 Qb5 19. Bh6 gxh6 20. Qxh6 Qb6+ 21. Qe3 Qxe3+ 22. Rxe3 Bd2 23. Rg3+ Kh8 24. Rxc7 Bf4 25. Rd3 Bxe5 26. Rxb7 Rfd8 27. Rxf7 d4 28. Rf5 Bd6 29. Kh1 Rac8 30. g3 Rc1+ 31. Kg2 Rc2+ 32. Kh3 Rxa2 33. Rxd4 Rxh2+ 34. Kxh2 Bxg3+ 35. Kxg3 Rxd4 36. Rb5 Rd7 37. Kf4 h6 38. Kf5 Rg7 39. Kf6 Kh7 40. Rb4 a6 41. Rh4 Rg6+ 42. Kf5 a5 43. Re4 Rg3 44. Re7+ Rg7 45. Re3 Rf7+ 46. Ke6 Rf8 47. Rc3 Ra8 48. Kf6 a4 49. Rc7+ Kg8 50. bxa4 Rxa4 51. Rc8+ Kh7 52. Rc7+ Kg8 53. Rc8+ Kh7 54. Rc7+ Kh8 55. Rc8+ Kh7 56. Rc7+ Kg8 57. Rc8+ Kh7 58. Rc7+ Kg8 1/2-1/2

[Event "DVM U10 2024"]
[Site "Duesseldorf"]
[Date "2024.12.29"]
[Round "7"]
[White "Hahn, David"]
[Black "Pukshansky, Mikhail B"]
[Result "1-0"]
[ECO "D00"]
[WhiteElo "1887"]
[BlackElo "2405"]
[Annotator "TA"]
[PlyCount "51"]
[EventDate "2024.12.23"]
[EventType "team-tourn"]
[EventRounds "7"]
[EventCountry "GER"]
[SourceTitle "playchess.com"]
[Source "ChessBase"]
[SourceQuality "1"]
[TimeControl "3300+5"]

1. d4 Nf6 2. Nc3 d5 3. Bf4 a6 4. e3 Bf5 5. f3 e6 6. g4 Bg6 7. h4 {[%emt 0:00:07] And now h5 would win.} h6 8. Bd3 (8. h5 $5 Bh7 $8 9. Bd3 $11) 8... Bxd3 9. Qxd3 Bb4 (9... c5 $11) 10. Nge2 O-O ({Black should try} 10... Nc6 $14) 11. O-O-O $16 Nc6 12. a3 Ba5 (12... Bxc3 $16 13. Qxc3 (13. Nxc3 Qd7 $18) 13... Nd7) 13. g5 $18 Kh8 $2 (13... Nh5 14. gxh6 g6) 14. Rhg1 (14. gxf6 $142 Qxf6 15. Na4) 14... Nd7 $2 (14... Nh5 {might work better.} 15. gxh6 Rg8 16. hxg7+ Rxg7 17. Rxg7 Nxg7) 15. gxh6 gxh6 16. Rg2 $2 $40 {[%emt 0:00:10][%mdl 128] White has strong attack.} (16. Bxh6 {Threatening mate with Bg7+.} Rg8 17. Nxd5) 16... e5 $2 {[%emt 0:00:00] [#]} (16... Qf6 17. e4 Bb6) 17. Rdg1 $1 Nf6 (17... exf4 18. Rg7) 18. dxe5 Nd7 19. Rg7 f5 20. exf6 Nxf6 {[%emt 0:00:27] [#]} 21. Ng3 Kxg7 {[%emt 0:00:55] [#]} 22. Nh5+ $1 Kh8 23. Qg6 (23. Rg6 $142 Rf7 24. Nxd5 (24. Rxh6+ Nh7 $14)) 23... Rg8 $2 (23... Qe7 $18) 24. Qxh6+ Nh7 25. Rg7 Rxg7 26. Qxg7# 1-0

[Event "DVM U10 2024"]
[Site "Duesseldorf"]
[Date "2024.12.29"]
[Round "7"]
[White "White, William"]
[Black "Horn, Philipp"]
[Result "1-0"]
[ECO "C54"]
[WhiteElo "1750"]
[BlackElo "988"]
[Annotator "NA"]
[PlyCount "59"]
[EventDate "2024.12.23"]
[EventType "team-tourn"]
[EventRounds "7"]
[EventCountry "GER"]
[SourceTitle "playchess.com"]
[Source "ChessBase"]
[SourceQuality "1"]
[TimeControl "3300+5"]

1. e4 e5 2. Nf3 Nc6 3. Bc4 Bc5 4. c3 Nf6 5. d4 exd4 6. e5 Ng4 7. cxd4 Bb4+ 8. Nc3 Bxc3+ 9. bxc3 d6 10. h3 Nh6 11. Bxh6 gxh6 12. O-O Rg8 13. Kh1 Be6 14. d5 Na5 15. dxe6 Nxc4 16. exf7+ Kxf7 17. Qd5+ Kf8 18. Qxc4 Qe7 19. exd6 Qxd6 20. Qb4 c5 21. Qxb7 Re8 22. Qxa7 c4 23. Qd4 Qg6 24. Qf4+ Ke7 25. Rae1+ Kd7 26. Rd1+ Kc8 27. Qxc4+ Kb7 28. Rb1+ Ka7 29. Qc5+ Ka6 30. Qa3# 1-0

[Event "DVM U10 2024"]
[Site "Duesseldorf"]
[Date "2024.12.29"]
[Round "7"]
[White "Liu, Jonas"]
[Black "Riazi, Dominik"]
[Result "1-0"]
[ECO "C54"]
[WhiteElo "1690"]
[BlackElo "1602"]
[Annotator "NA"]
[PlyCount "117"]
[EventDate "2024.12.23"]
[EventType "team-tourn"]
[EventRounds "7"]
[EventCountry "GER"]
[SourceTitle "playchess.com"]
[Source "ChessBase"]
[SourceQuality "1"]
[TimeControl "3300+5"]

1. e4 e5 2. Nf3 Nc6 3. Bc4 Bc5 4. c3 Nf6 5. d3 O-O 6. O-O d6 7. Re1 Be6 8. Bxe6 fxe6 9. Nbd2 Qe7 10. Nf1 Rae8 11. Be3 Bb6 12. Bxb6 axb6 13. d4 Qf7 14. dxe5 Nxe5 15. Nxe5 dxe5 16. Ng3 Qg6 17. Qb3 Qf7 18. f3 Rd8 19. Rad1 Kh8 20. Rxd8 Rxd8 21. Rd1 Rxd1+ 22. Qxd1 Qe7 23. h3 h6 24. Kh2 Kh7 25. Qa4 Qd6 26. Qc4 Qd7 27. Ne2 Nh5 28. a4 Qd2 29. b3 Qe1 30. Qxc7 Qxe2 31. Qxe5 Nf6 32. Qxe6 Qd2 33. Qf5+ Kg8 34. Qe6+ Kh7 35. Qf5+ Kg8 36. c4 Qb4 37. Qb5 Qc5 38. e5 Qxb5 39. cxb5 Nd7 40. Kg3 Kf7 41. f4 Ke6 42. b4 Nxe5 43. fxe5 Kxe5 44. a5 Kd5 45. a6 bxa6 46. bxa6 Kc6 47. b5+ Kc7 48. Kf4 g6 49. Ke5 g5 50. Kf6 g4 51. hxg4 h5 52. gxh5 Kb8 53. h6 Ka8 54. h7 Ka7 55. Ke6 Kb8 56. h8=Q+ Ka7 57. Qg7+ Kb8 58. Kd6 Ka8 59. Qb7# 1-0

[Event "DVM U10 2024"]
[Site "Duesseldorf"]
[Date "2024.12.29"]
[Round "7"]
[White "Schmidt, Jan"]
[Black "Sauer, Ben"]
[Result "1/2-1/2"]
[ECO "E32"]
[WhiteElo "1688"]
[BlackElo "1645"]
[Annotator "NA"]
[PlyCount "77"]
[EventDate "2024.12.23"]
[EventType "team-tourn"]
[EventRounds "7"]
[EventCountry "GER"]
[SourceTitle "playchess.com"]
[Source "ChessBase"]
[SourceQuality "1"]
[TimeControl "3300+5"]

1. d4 Nf6 2. c4 e6 3. Nc3 Bb4 4. Qc2 b6 5. Bg5 Bb7 6. f3 h6 7. Bh4 d6 8. e3 Nbd7 9. Bd3 Bxc3+ 10. bxc3 O-O 11. Ne2 c5 12. O-O Rc8 13. Rac1 d5 14. Qb1 Re8 15. e4 dxc4 16. Bxc4 cxd4 17. cxd4 e5 18. Qb3 Qe7 19. Bb5 g5 20. Bf2 Red8 21. dxe5 Nxe5 22. Nd4 Rxc1 23. Rxc1 Bc8 24. Qb2 a6 25. Bf1 b5 26. Kh1 Be6 27. Bg3 Nfd7 28. Nxe6 Qxe6 29. Qa3 Nf6 30. Qc3 Ned7 31. a3 Nb6 32. h3 Rc8 33. Qd2 Nc4 34. Qa2 Nd7 35. a4 Ndb6 36. axb5 axb5 37. Qa6 Qd7 38. Qa2 Qc6 39. Qf2 1/2-1/2

[Event "DVM U10 2024"]
[Site "Duesseldorf"]
[Date "2024.12.29"]
[Round "7"]
[White "Kukhtichev, Maksim"]
[Black "Huang, Flora Yueya"]
[Result "1/2-1/2"]
[ECO "B22"]
[WhiteElo "1639"]
[BlackElo "1481"]
[Annotator "NA"]
[PlyCount "47"]
[EventDate "2024.12.23"]
[EventType "team-tourn"]
[EventRounds "7"]
[EventCountry "GER"]
[SourceTitle "playchess.com"]
[Source "ChessBase"]
[SourceQuality "1"]
[TimeControl "3300+5"]

1. e4 c5 2. c3 e6 3. d4 cxd4 4. cxd4 Nf6 5. e5 Nd5 6. Nf3 Nc6 7. Bc4 Nb6 8. Bb3 d5 9. O-O Be7 10. Nc3 O-O 11. Bc2 g6 12. Qd2 Re8 13. Qh6 Bf8 14. Qh3 a6 15. Ng5 h6 16. Nf3 Kh7 17. Bg5 Qc7 18. Bf6 Nd7 19. Bg5 Bg7 20. Be3 Nb6 21. Ng5+ Kg8 22. Nf3 Kh7 23. Ng5+ Kg8 24. Nf3 1/2-1/2

[Event "DVM U10 2024"]
[Site "Duesseldorf"]
[Date "2024.12.29"]
[Round "7"]
[White "Jozsa, Lev"]
[Black "Braren, Ove Neelis"]
[Result "0-1"]
[ECO "C47"]
[WhiteElo "1617"]
[BlackElo "1634"]
[Annotator "NA"]
[PlyCount "67"]
[EventDate "2024.12.23"]
[EventType "team-tourn"]
[EventRounds "7"]
[EventCountry "GER"]
[SourceTitle "playchess.com"]
[Source "ChessBase"]
[SourceQuality "1"]
[TimeControl "3300+5"]

1. e4 e5 2. Nf3 Nc6 3. Nc3 Nf6 4. Nxe5 Nxe5 5. d4 Ng6 6. e5 Ng8 7. Bc4 Bb4 8. Qf3 Bxc3+ 9. bxc3 Qe7 10. O-O Nh6 11. Bxh6 gxh6 12. Qh5 Qh4 13. Qf3 O-O 14. g3 Qe7 15. Qh5 Kg7 16. f4 f5 17. exf6+ Qxf6 18. f5 Ne7 19. Rf4 d5 20. Bd3 Bd7 21. Re1 Rae8 22. Ref1 Kh8 23. Rh4 Ng8 24. c4 c6 25. cxd5 cxd5 26. Qf3 Bc6 27. Rf2 b5 28. Re2 Rxe2 29. Qxe2 Re8 30. Qf1 a6 31. Qa1 Qg5 32. Rf4 Nf6 33. Kg2 Nh5 34. Rf2 0-1

[Event "DVM U10 2024"]
[Site "Duesseldorf"]
[Date "2024.12.29"]
[Round "7"]
[White "Dombert, Johannes"]
[Black "von Gehlen, Elian"]
[Result "1-0"]
[ECO "B15"]
[WhiteElo "1611"]
[BlackElo "1464"]
[Annotator "NA"]
[PlyCount "69"]
[EventDate "2024.12.23"]
[EventType "team-tourn"]
[EventRounds "7"]
[EventCountry "GER"]
[SourceTitle "playchess.com"]
[Source "ChessBase"]
[SourceQuality "1"]
[TimeControl "3300+5"]

1. e4 c6 2. d4 d5 3. Nc3 dxe4 4. Nxe4 Nf6 5. Nxf6+ exf6 6. Nf3 Bd6 7. Bd3 O-O 8. O-O Bg4 9. h3 Bh5 10. Bf5 Nd7 11. Qd3 g6 12. g4 gxf5 13. gxh5 f4 14. Nh4 Kh8 15. Qf3 f5 16. Bxf4 Qxh4 17. Bxd6 Rg8+ 18. Kh2 Qxd4 19. Rad1 Qf6 20. Bb4 Ne5 21. Qf4 Ng4+ 22. Kh1 Qh4 23. Qf3 Qxh5 24. Rd7 Qg5 25. Rxf7 Nf6 26. Bc3 Rg6 27. Rxf6 Rxf6 28. Rg1 Qh6 29. Qxf5 Raf8 30. Qe6 b5 31. Bxf6+ Qxf6 32. Rg8+ Rxg8 33. Qxf6+ Rg7 34. Qxc6 Kg8 35. Qe8# 1-0

[Event "DVM U10 2024"]
[Site "Duesseldorf"]
[Date "2024.12.29"]
[Round "7"]
[White "Wang, Hanyu"]
[Black "Yuksel, Arda Eren"]
[Result "0-1"]
[ECO "C55"]
[WhiteElo "1606"]
[BlackElo "1488"]
[Annotator "NA"]
[PlyCount "92"]
[EventDate "2024.12.23"]
[EventType "team-tourn"]
[EventRounds "7"]
[EventCountry "GER"]
[SourceTitle "playchess.com"]
[Source "ChessBase"]
[SourceQuality "1"]
[TimeControl "3300+5"]

1. e4 e5 2. Nf3 Nc6 3. Bc4 Nf6 4. d3 Be7 5. c3 O-O 6. O-O d6 7. Bg5 h6 8. Bxf6 Bxf6 9. Qe2 Bg4 10. Nbd2 Bg5 11. Rad1 Qf6 12. h3 Bxd2 13. Rxd2 Bxf3 14. Qxf3 Qxf3 15. gxf3 Na5 16. Bb3 Nxb3 17. axb3 Rfe8 18. d4 Re6 19. Kh2 Rf6 20. Rd3 Re8 21. d5 c6 22. dxc6 bxc6 23. Re1 Ree6 24. Ree3 Rg6 25. c4 Rg5 26. h4 Rh5 27. Kh3 g5 28. Kg4 Rxh4+ 29. Kg3 Rg6 30. Rd1 Rf4 31. Kg2 g4 32. Kf1 gxf3 33. b4 f5 34. exf5 Rxf5 35. c5 d5 36. Rde1 e4 37. Rd1 Rfg5 38. Ke1 Kf7 39. Kd2 Ke6 40. Kc3 Ke5 41. Rd2 Rg7 42. Rd4 Rb7 43. Rd2 Rg8 44. b3 Rgb8 45. Rd4 a5 46. b5 Rxb5 0-1

[Event "DVM U10 2024"]
[Site "Duesseldorf"]
[Date "2024.12.29"]
[Round "7"]
[White "Kinateder, Vitus"]
[Black "Vlad, Mark"]
[Result "1-0"]
[ECO "A00"]
[WhiteElo "1605"]
[BlackElo "1439"]
[Annotator "NA"]
[PlyCount "123"]
[EventDate "2024.12.23"]
[EventType "team-tourn"]
[EventRounds "7"]
[EventCountry "GER"]
[SourceTitle "playchess.com"]
[Source "ChessBase"]
[SourceQuality "1"]
[TimeControl "3300+5"]

1. e4 d5 2. Nc3 d4 3. Nce2 e5 4. a3 Nc6 5. d3 Bd6 6. g3 Nge7 7. Bg2 O-O 8. f4 f6 9. f5 g6 10. g4 Kh8 11. Nf3 Rg8 12. Ng3 gxf5 13. gxf5 b6 14. Nh4 Qe8 15. Nh5 Qf7 16. Bh6 Bb7 17. Qe2 Nc8 18. Kd2 Bf8 19. Bxf8 Qxf8 20. Rag1 Qh6+ 21. Kd1 Nd6 22. Bf3 b5 23. Qd2 Qxd2+ 24. Kxd2 Rgf8 25. Rg7 Ne8 26. Rg2 a5 27. Rhg1 b4 28. a4 Ba6 29. Be2 Rb8 30. b3 Na7 31. Ng7 Nxg7 32. Rxg7 Rb7 33. Rd7 c6 34. Rgg7 Rxd7 35. Rxd7 Ra8 36. Rf7 Kg8 37. Rxf6 Kg7 38. Re6 Bc8 39. Rxe5 Kf6 40. Rxa5 Bd7 41. Nf3 h6 42. Nxd4 Ke7 43. h4 Kf7 44. e5 Bc8 45. Nxc6 Bxf5 46. Rxa7+ Rxa7 47. Nxa7 Ke6 48. d4 Kd5 49. c3 bxc3+ 50. Kxc3 Be4 51. Bd3 Bxd3 52. Kxd3 Ke6 53. a5 Kd7 54. a6 Ke6 55. Nb5 Kd7 56. a7 h5 57. a8=Q Ke6 58. Qc6+ Kf5 59. Qf6+ Kg4 60. Qg5+ Kh3 61. Ke3 Kh2 62. Kf3 1-0

[Event "DVM U10 2024"]
[Site "Duesseldorf"]
[Date "2024.12.29"]
[Round "7"]
[White "von Flottwell, Lionel"]
[Black "Mueller, Konstantin"]
[Result "0-1"]
[ECO "B22"]
[WhiteElo "1597"]
[BlackElo "1957"]
[Annotator "NA"]
[PlyCount "74"]
[EventDate "2024.12.23"]
[EventType "team-tourn"]
[EventRounds "7"]
[EventCountry "GER"]
[SourceTitle "playchess.com"]
[Source "ChessBase"]
[SourceQuality "1"]
[TimeControl "3300+5"]

1. e4 c5 2. Nf3 e6 3. c3 Nf6 4. e5 Nd5 5. d4 cxd4 6. cxd4 d6 7. Nc3 Nxc3 8. bxc3 Qc7 9. Be2 Nd7 10. exd6 Bxd6 11. c4 b6 12. O-O O-O 13. Bb2 Bb7 14. h3 Nf6 15. Rc1 Rfd8 16. Bc3 Ne4 17. Ne1 Bh2+ 18. Kh1 Bf4 19. Rc2 e5 20. d5 Nxc3 21. Rxc3 Bxd5 22. Qc2 Rac8 23. Bd3 g6 24. h4 b5 25. h5 bxc4 26. hxg6 cxd3 27. gxh7+ Kh8 28. Rxc7 dxc2 29. Rxc8 Rxc8 30. Nd3 Bc4 31. Nxf4 Bxf1 32. Nd5 c1=Q 33. Kh2 Qh6+ 34. Kg1 Rc1 35. f3 Qh4 36. Ne3 Ba6+ 37. Nf1 Rxf1# 0-1

[Event "DVM U10 2024"]
[Site "Duesseldorf"]
[Date "2024.12.29"]
[Round "7"]
[White "Wessels, Keke"]
[Black "Bienbeck, Matthis"]
[Result "1/2-1/2"]
[ECO "B13"]
[WhiteElo "1568"]
[BlackElo "1490"]
[Annotator "NA"]
[PlyCount "184"]
[EventDate "2024.12.23"]
[EventType "team-tourn"]
[EventRounds "7"]
[EventCountry "GER"]
[SourceTitle "playchess.com"]
[Source "ChessBase"]
[SourceQuality "1"]
[TimeControl "3300+5"]

1. d4 Nf6 2. Nc3 d5 3. Bf4 c5 4. e3 cxd4 5. exd4 a6 6. Nf3 Nc6 7. Ne5 Bd7 8. Be2 Rc8 9. O-O e6 10. Na4 Nxe5 11. dxe5 Bxa4 12. Qd4 Bc6 13. exf6 Qxf6 14. Qxf6 gxf6 15. Rac1 b5 16. Rfe1 Bg7 17. c3 Ke7 18. Bf3 Rhd8 19. Be3 Ba8 20. Bb6 Rd7 21. Ba5 Bf8 22. Rcd1 Ke8 23. Rd4 Rc4 24. Red1 Be7 25. Rxc4 bxc4 26. Kf1 Bd6 27. Ke2 Rb7 28. Rd2 Rb5 29. Bb4 Bxb4 30. cxb4 Rxb4 31. Kd1 f5 32. Kc2 Kd7 33. Rd4 Rb8 34. Rh4 Rh8 35. Kc3 a5 36. Kd4 Kd6 37. Bh5 f6 38. Kc3 h6 39. Rf4 Rg8 40. g3 Rg5 41. Rh4 Rg8 42. b3 cxb3 43. axb3 Rc8+ 44. Kb2 Bc6 45. Be2 Rh8 46. f4 Rh7 47. Kc3 Kc5 48. Bd3 Bb5 49. Bxb5 Kxb5 50. h3 Rc7+ 51. Kb2 d4 52. Rxh6 d3 53. Rh8 Rc2+ 54. Kb1 Rg2 55. Rb8+ Kc5 56. Rc8+ Kd4 57. Rd8+ Ke3 58. h4 Rxg3 59. h5 Rh3 60. Rd6 Rh1+ 61. Kb2 e5 62. fxe5 fxe5 63. h6 d2 64. Kc2 d1=Q+ 65. Rxd1 Rxh6 66. Rd5 Ke4 67. Rxa5 f4 68. b4 f3 69. b5 Rb6 70. Ra4+ Kf5 71. Rb4 e4 72. Kd2 Kf4 73. Ke1 Ke5 74. Kf2 Kf4 75. Rb3 Kg4 76. Ke3 Kf5 77. Rb4 f2 78. Kxf2 Kf4 79. Ke2 Rh6 80. b6 Rh2+ 81. Kf1 Kf3 82. Ke1 Rh8 83. b7 Rb8 84. Kf1 e3 85. Rb3 Rh8 86. Kg1 Rg8+ 87. Kh1 Kf2 88. b8=Q Rxb8 89. Rxb8 e2 90. Rb2 Kf1 91. Rb1+ e1=Q 92. Rxe1+ Kxe1 1/2-1/2

[Event "DVM U10 2024"]
[Site "Duesseldorf"]
[Date "2024.12.29"]
[Round "7"]
[White "Nune, Likhith Siddharth"]
[Black "Karabetyan, Levon"]
[Result "0-1"]
[ECO "C54"]
[WhiteElo "1533"]
[BlackElo "1230"]
[Annotator "NA"]
[PlyCount "98"]
[EventDate "2024.12.23"]
[EventType "team-tourn"]
[EventRounds "7"]
[EventCountry "GER"]
[SourceTitle "playchess.com"]
[Source "ChessBase"]
[SourceQuality "1"]
[TimeControl "3300+5"]

1. e4 e5 2. Nf3 Nc6 3. Bc4 Bc5 4. c3 Nf6 5. d4 exd4 6. cxd4 Bb4+ 7. Nc3 Nxe4 8. O-O Nxc3 9. bxc3 Bxc3 10. Ba3 d6 11. Rc1 Ba5 12. Qa4 O-O 13. d5 Bb6 14. dxc6 bxc6 15. Qxc6 Bd7 16. Qe4 Re8 17. Qf4 Be6 18. Ng5 Bxc4 19. Rxc4 Qf6 20. Qxf6 gxf6 21. Ne4 Re6 22. Nd2 f5 23. Nf3 Re2 24. Ra1 Rxf2 25. Kh1 Re8 26. Rcc1 Ree2 27. Re1 Rxe1+ 28. Rxe1 Rxa2 29. Bb4 Ra4 30. Re8+ Kg7 31. Bc3+ f6 32. h3 Re4 33. Rxe4 fxe4 34. Bd4 exf3 35. Bxb6 axb6 36. gxf3 b5 37. Kg2 b4 38. Kf1 b3 39. Ke2 b2 40. Ke3 b1=Q 41. Kd4 c5+ 42. Kd5 Qd3+ 43. Kc6 c4 44. Kd7 c3 45. f4 c2 46. f5 c1=Q 47. h4 Qxf5+ 48. Ke8 Qcc8+ 49. Ke7 Qcd7# 0-1

[Event "DVM U10 2024"]
[Site "Duesseldorf"]
[Date "2024.12.29"]
[Round "7"]
[White "Schonlau, Leopold"]
[Black "Klaus, Simon"]
[Result "0-1"]
[ECO "B01"]
[WhiteElo "1533"]
[BlackElo "1197"]
[Annotator "NA"]
[PlyCount "154"]
[EventDate "2024.12.23"]
[EventType "team-tourn"]
[EventRounds "7"]
[EventCountry "GER"]
[SourceTitle "playchess.com"]
[Source "ChessBase"]
[SourceQuality "1"]
[TimeControl "3300+5"]

1. e4 d5 2. exd5 Qxd5 3. Nc3 Qa5 4. d4 Nf6 5. Nf3 Bg4 6. h3 Bxf3 7. Qxf3 c6 8. Bd2 Nbd7 9. Bc4 e6 10. Qg3 Bb4 11. a3 Bxc3 12. Bxc3 Qf5 13. Bd3 Qd5 14. Qxg7 Rg8 15. Qh6 Qxg2 16. O-O-O Qg5+ 17. Qxg5 Rxg5 18. h4 Rg2 19. f3 O-O-O 20. Bc4 Nd5 21. Bd3 Nxc3 22. bxc3 Nf6 23. Rdg1 Rdg8 24. Rxg2 Rxg2 25. h5 h6 26. c4 Rf2 27. Be4 Nxe4 28. fxe4 Rf4 29. Rg1 Rxe4 30. Rg7 Rh4 31. Rxf7 Rxh5 32. Re7 Rh4 33. Rxe6 Rxd4 34. Rxh6 Rxc4 35. Kb2 Kc7 36. Kb3 Rg4 37. c3 Kb6 38. Rh7 Rg5 39. a4 Rd5 40. Rh4 Re5 41. Rg4 a5 42. Rh4 Re8 43. Rg4 Ka6 44. Rh4 b5 45. Rg4 bxa4+ 46. Rxa4 Rb8+ 47. Kc4 Rb5 48. Kd4 Rh5 49. Kd3 Kb5 50. Ra1 Rh3+ 51. Kd4 c5+ 52. Kd5 Rxc3 53. Rb1+ Ka4 54. Ra1+ Ra3 55. Rc1 Rh3 56. Kxc5 Rh5+ 57. Kc4 Rh4+ 58. Kc5 Rh5+ 59. Kc4 Rh4+ 60. Kc5 Kb3 61. Ra1 a4 62. Kb5 a3 63. Rb1+ Kc2 64. Ra1 Kb2 65. Rxa3 Kxa3 66. Kc5 Kb3 67. Kd5 Kc3 68. Ke5 Kd3 69. Kf5 Ke3 70. Kg5 Rf4 71. Kh5 Rf1 72. Kh4 Rg1 73. Kh5 Kf4 74. Kh6 Kf5 75. Kh7 Kf6 76. Kh8 Kf7 77. Kh7 Rh1# 0-1

[Event "DVM U10 2024"]
[Site "Duesseldorf"]
[Date "2024.12.29"]
[Round "7"]
[White "El-Issa, Erik"]
[Black "Breaz, Albert"]
[Result "0-1"]
[ECO "C48"]
[WhiteElo "1530"]
[BlackElo "1494"]
[Annotator "NA"]
[PlyCount "96"]
[EventDate "2024.12.23"]
[EventType "team-tourn"]
[EventRounds "7"]
[EventCountry "GER"]
[SourceTitle "playchess.com"]
[Source "ChessBase"]
[SourceQuality "1"]
[TimeControl "3300+5"]

1. e4 e5 2. Nf3 Nc6 3. Nc3 Nf6 4. Bb5 a6 5. Bxc6 dxc6 6. d3 Bg4 7. h3 Bh5 8. Bg5 h6 9. Be3 Bb4 10. O-O O-O 11. Bd2 Nd7 12. g4 Bg6 13. Ne2 Bc5 14. Ng3 Qf6 15. Qe2 h5 16. gxh5 Bxh5 17. Nxh5 Qg6+ 18. Ng3 Qxg3+ 19. Kh1 Qxh3+ 20. Nh2 f5 21. f3 f4 22. c3 Nf6 23. d4 Nh5 24. Be1 exd4 25. cxd4 Be7 26. Qg2 Qxg2+ 27. Kxg2 Rad8 28. Rd1 Rf6 29. Bh4 Rg6+ 30. Kh1 Bxh4 31. Rg1 Ng3+ 32. Kg2 Ne2+ 33. Kh1 Nxg1 34. Rxg1 Rxg1+ 35. Kxg1 Rxd4 36. Ng4 Rd2 37. e5 Rxb2 38. a4 Ra2 39. e6 Rxa4 40. Ne5 b5 41. Ng6 b4 42. e7 Bxe7 43. Nxe7+ Kf8 44. Nxc6 b3 45. Kh2 b2 46. Kh3 b1=Q 47. Kg4 Qg6+ 48. Kh3 Qg3# 0-1

[Event "DVM U10 2024"]
[Site "Duesseldorf"]
[Date "2024.12.29"]
[Round "7"]
[White "Ragavendra Prasanna, Shyam Sundar"]
[Black "Goyush, Shams"]
[Result "1-0"]
[ECO "D02"]
[WhiteElo "1524"]
[BlackElo "1122"]
[Annotator "NA"]
[PlyCount "65"]
[EventDate "2024.12.23"]
[EventType "team-tourn"]
[EventRounds "7"]
[EventCountry "GER"]
[SourceTitle "playchess.com"]
[Source "ChessBase"]
[SourceQuality "1"]
[TimeControl "3300+5"]

1. d4 d5 2. Bf4 Nf6 3. Nf3 g6 4. e3 a6 5. Nc3 Nc6 6. Be2 Bg7 7. a3 O-O 8. Ne5 Bd7 9. g4 Qc8 10. g5 Nxe5 11. gxf6 exf6 12. dxe5 fxe5 13. Nxd5 Re8 14. Bg5 Kf8 15. h4 h5 16. Bxh5 Bc6 17. Bf3 e4 18. Be2 Qd7 19. c4 b5 20. Nf6 Qxd1+ 21. Rxd1 Bxf6 22. Bxf6 Re6 23. Bg5 Rd6 24. Rxd6 cxd6 25. h5 gxh5 26. Rxh5 Kg7 27. Rh6 Rh8 28. Rxd6 Rc8 29. Bg4 Rc7 30. Bf6+ Kg8 31. Rd8+ Kh7 32. Bf5+ Kh6 33. Rh8# 1-0

[Event "DVM U10 2024"]
[Site "Duesseldorf"]
[Date "2024.12.29"]
[Round "7"]
[White "Pawlus, Daniel"]
[Black "Trunz, Daniel"]
[Result "0-1"]
[ECO "E20"]
[WhiteElo "1521"]
[BlackElo "1440"]
[Annotator "NA"]
[PlyCount "46"]
[EventDate "2024.12.23"]
[EventType "team-tourn"]
[EventRounds "7"]
[EventCountry "GER"]
[SourceTitle "playchess.com"]
[Source "ChessBase"]
[SourceQuality "1"]
[TimeControl "3300+5"]

1. d4 d5 2. c4 e6 3. Nc3 Bb4 4. Bd2 Nf6 5. e3 Nc6 6. Be2 O-O 7. Nf3 Re8 8. a3 Bxc3 9. Bxc3 b6 10. O-O Bb7 11. c5 Nd7 12. cxb6 axb6 13. Bd3 e5 14. e4 exd4 15. Nxd4 dxe4 16. Nxc6 Bxc6 17. Bc4 Qg5 18. h3 h5 19. g4 e3 20. Qe2 Qf4 21. Ba2 Bf3 22. Qc2 hxg4 23. fxe3 Qg3+ 0-1

[Event "DVM U10 2024"]
[Site "Duesseldorf"]
[Date "2024.12.29"]
[Round "7"]
[White "Stopp, Bruno"]
[Black "Ni, Wilhelm Zeyin"]
[Result "0-1"]
[ECO "B50"]
[WhiteElo "1519"]
[BlackElo "1611"]
[Annotator "NA"]
[PlyCount "75"]
[EventDate "2024.12.23"]
[EventType "team-tourn"]
[EventRounds "7"]
[EventCountry "GER"]
[SourceTitle "playchess.com"]
[Source "ChessBase"]
[SourceQuality "1"]
[TimeControl "3300+5"]

1. e4 c5 2. Nf3 d6 3. c3 Nf6 4. Be2 Bd7 5. Qc2 g6 6. O-O Bg7 7. d4 O-O 8. Bg5 Nc6 9. Rd1 cxd4 10. cxd4 Rc8 11. Nc3 h6 12. Bh4 a6 13. e5 dxe5 14. dxe5 Ng4 15. e6 fxe6 16. Qxg6 Nge5 17. Qg3 Nxf3+ 18. Bxf3 Ne5 19. Bh5 Kh8 20. Re1 Nc4 21. b3 Nd6 22. Rac1 Nf5 23. Qd3 Nxh4 24. Red1 Bc6 25. Qg3 Nf5 26. Rxd8 Nxg3 27. Rxf8+ Rxf8 28. hxg3 Bd4 29. Nd1 Rf5 30. Bg4 Re5 31. Ne3 Bxe3 32. fxe3 Rxe3 33. Rf1 Kg7 34. Bh5 Rxg3 35. Rf7+ Kh8 36. Rf8+ Kh7 37. Rf7+ Rg7 38. Rxg7+ 0-1

[Event "DVM U10 2024"]
[Site "Duesseldorf"]
[Date "2024.12.29"]
[Round "7"]
[White "Dintinger, Ata Lucien"]
[Black "Bentele, Otto"]
[Result "1-0"]
[ECO "C25"]
[WhiteElo "1511"]
[BlackElo "1522"]
[Annotator "NA"]
[PlyCount "149"]
[EventDate "2024.12.23"]
[EventType "team-tourn"]
[EventRounds "7"]
[EventCountry "GER"]
[SourceTitle "playchess.com"]
[Source "ChessBase"]
[SourceQuality "1"]
[TimeControl "3300+5"]

1. e4 e5 2. Nc3 Nc6 3. f4 d6 4. Nf3 Bg4 5. Bc4 Nd4 6. Be2 Bxf3 7. Bxf3 Nxf3+ 8. Qxf3 Nf6 9. d3 Qd7 10. Be3 a6 11. O-O-O Qg4 12. Qxg4 Nxg4 13. Nd5 O-O-O 14. Rdf1 f6 15. h3 Nxe3 16. Nxe3 c6 17. c4 Kc7 18. Kc2 Be7 19. b3 g6 20. f5 g5 21. g4 h6 22. h4 Kd7 23. hxg5 hxg5 24. Rh5 Rxh5 25. gxh5 Rh8 26. Rh1 Bf8 27. Ng4 Bh6 28. Nxf6+ Ke7 29. Ng4 Kf7 30. Kc3 Ke7 31. d4 exd4+ 32. Kxd4 Bg7+ 33. Ke3 Bh6 34. b4 b5 35. c5 dxc5 36. bxc5 a5 37. Kd4 Bg7+ 38. e5 Rd8+ 39. Ke4 Bh8 40. h6 Rd2 41. Rh5 Rxa2 42. Rxg5 Ra4+ 43. Kf3 b4 44. Rg8 Ra3+ 45. Kf4 b3 46. Rxh8 Ra4+ 47. Kg5 b2 48. f6+ Kf7 49. Rb8 Rb4 50. Rxb4 axb4 51. h7 b1=Q 52. h8=Q Qc1+ 53. Kf5 Qf1+ 54. Ke4 Qe1+ 55. Ne3 Qb1+ 56. Kf3 Qg6 57. Qg7+ Qxg7 58. fxg7 Kxg7 59. Ke4 b3 60. Nc4 Kf7 61. Kf5 Ke7 62. e6 Ke8 63. Ke4 Ke7 64. Ke5 Ke8 65. Kd6 Kd8 66. Kxc6 Ke7 67. Kd5 Kd8 68. Kd6 Ke8 69. c6 Kd8 70. e7+ Ke8 71. c7 Kf7 72. c8=Q b2 73. Qf5+ Kg7 74. Qg5+ Kh7 75. e8=Q 1-0